Map: Divergence LE

Players

Rackleet

  • Race: Zerg Zerg
  • Spawn Location: 5:00

Drache

  • Race: Protoss Protoss
  • Spawn Location: 5:00

Faust

  • Race: Zerg Zerg
  • League: Diamond
  • Spawn Location: 11:00

Throwfordays

  • Race: Protoss Protoss
  • League: Silver
  • Spawn Location: 11:00

VOD

Have the link to the VOD?

Description

Time

  • Played on: July 24, 2020, 10:26 p.m.
  • Length: 15:18
Show
View Real Time Build Order
Export as new Build Order

Rackleet Zerg 

Build Orders: Hatch First 

Get SALT Encoding   

  12  0:01  Drone  
  13  0:12  Overlord  
  13  0:19  Drone  
  14  0:36  Drone x2  
  14  0:37  Drone  
  17  0:58  Drone  
  17  1:00  Hatchery  
  17  1:01  Drone  
  17  1:02  Extractor  
  17  1:19  Spawning Pool  
  16  1:28  Drone x2  
  18  1:44  Drone  
  18  1:45  Overlord  
  19  2:06  Queen  
  19  2:07  Metabolic Boost  
  21  2:10  Zergling x4  
  21  2:12  Queen  
  25  2:15  Zergling x2  
  25  2:16  Zergling x2  
  27  2:23  Zergling x2  
  27  2:28  Overlord  
  28  2:42  Zergling x4  
  30  2:57  Overlord  
  31  2:58  Zergling x6  
  33  3:15  Zergling x2  
  33  3:16  Zergling x8  
  38  3:43  Zergling x2  
  38  3:44  Zergling x12  
  44  4:10  Drone x3  
  44  4:11  Drone  
  39  4:35  Roach Warren  
  34  4:40  Spine Crawler  
  34  4:41  Queen  
  34  4:44  Zergling x2  
  34  4:45  Zergling x10  
  41  4:55  Spine Crawler  
  40  5:03  Drone  
  40  5:04  Drone x7, Spine Crawler  
  47  5:14  Overlord  
  47  5:16  Overlord  
  41  5:45  Drone x6  
  47  5:53  Lair, Extractor  
  47  5:56  Roach  
  48  5:57  Evolution Chamber  
  47  6:17  Hatchery  
  46  6:23  Drone  
  46  6:24  Drone x9  
  56  6:28  Extractor  
  56  6:30  Extractor  
  54  6:37  Drone x3  
  54  6:39  Zerg Missile Weapons Level 1  
  57  6:50  Overseer  
  57  6:52  Overseer  
  57  6:54  Pneumatized Carapace  
  57  7:09  Roach  
  57  7:12  Overlord x6  
  57  7:13  Overlord  
  59  7:37  Roach x2  
  59  7:38  Roach x7  
  59  7:41  Glial Reconstitution  
  77  7:45  Hydralisk Den  
  76  8:09  Roach x7  
  76  8:10  Roach x2  
  88  8:27  Roach x3  
  92  8:38  Queen  
  94  8:53  Overlord  
  94  8:54  Overlord x2  
  94  9:04  Roach  
  94  9:05  Roach x10  
  116  9:29  Grooved Spines  
  116  9:30  Zerg Missile Weapons Level 2  
  116  9:35  Roach  
  116  9:36  Roach x5  
  128  10:03  Drone  
  128  10:04  Drone x9  
  138  10:09  Overlord x4  
  138  10:29  Roach x5  
  138  10:30  Roach x3  
  154  10:41  Muscular Augments  
  146  11:04  Extractor  
  146  11:06  Extractor  
  144  11:15  Roach x7  
  144  11:16  Roach x10  
  178  11:24  Overlord x4  
  154  11:43  Spire  
  97  12:05  Hydralisk x11  
  97  12:06  Hydralisk x3  
  83  12:42  Hydralisk  
  83  12:43  Hydralisk x10  
  105  13:03  Hydralisk  
  105  13:04  Hydralisk x4  
  115  13:05  Hydralisk  
  117  13:14  Hatchery  
  116  13:34  Hydralisk  
  116  13:35  Hydralisk x9  
  132  14:28  Hydralisk x6  
  132  14:29  Hydralisk x4  
Show
View Real Time Build Order
Export as new Build Order

Drache Protoss 

Build Orders:  

Get SALT Encoding   

  1  0:00  Probe  
  12  0:05  Probe  
  14  0:15  Probe  
  15  0:22  Pylon  
  15  0:40  Probe  
  16  0:52  Gateway, Probe  
  16  0:56  Assimilator  
  17  1:04  Probe  
  17  1:07  Assimilator  
  18  1:17  Probe  
  19  1:23  Pylon  
  19  1:29  Probe  
  20  1:39  Zealot  
  22  1:41  Probe  
  22  1:42  Cybernetics Core  
  23  1:53  Probe  
  24  2:05  Probe  
  24  2:06  Zealot  
  27  2:09  Pylon  
  27  2:17  Probe  
  28  2:23  Protoss Air Weapons Level 1  
  28  2:29  Probe  
  29  2:33  Zealot  
  31  2:41  Probe  
  31  2:53  Probe  
  32  3:01  Zealot  
  32  3:04  Stargate  
  34  3:05  Probe  
  34  3:08  Stargate  
  35  3:18  Probe  
  36  3:30  Pylon, Probe  
  37  3:42  Probe  
  37  3:48  Nexus  
  38  3:54  Probe  
  39  3:59  Void Ray  
  39  4:02  Void Ray  
  47  4:17  Warp Gate  
  47  4:27  Pylon  
  47  4:28  Pylon  
  47  4:45  Probe  
  48  4:46  Stargate  
  48  4:56  Void Ray  
  48  4:57  Probe  
  48  4:59  Assimilator  
  53  5:01  Probe  
  53  5:03  Assimilator  
  54  5:09  Probe  
  54  5:14  Probe  
  56  5:21  Probe  
  57  5:26  Probe  
  58  5:35  Void Ray  
  62  5:43  Probe x2  
  64  5:51  Nexus  
  64  5:55  Assimilator, Probe  
  64  5:56  Probe  
  66  5:58  Assimilator  
  66  6:04  Void Ray  
  66  6:08  Probe x2  
  72  6:13  Void Ray  
  76  6:19  Pylon  
  76  6:20  Probe  
  76  6:22  Pylon  
  76  6:24  Probe  
  78  6:37  Probe x2  
  80  6:40  Pylon  
  80  6:41  Pylon  
  80  6:46  Protoss Air Armor Level 1  
  80  6:47  Void Ray  
  80  6:49  Probe  
  80  6:53  Probe  
  86  7:01  Void Ray, Probe  
  87  7:05  Probe  
  92  7:12  Probe  
  92  7:13  Probe  
  92  7:14  Void Ray  
  98  7:17  Probe  
  99  7:24  Probe  
  99  7:25  Probe  
  99  7:28  Fleet Beacon  
  99  7:29  Probe  
  102  7:36  Void Ray, Probe  
  107  7:37  Probe  
  107  7:41  Probe  
  109  7:51  Cybernetics Core  
  109  7:53  Probe  
  109  7:54  Probe x2  
  109  7:55  Stargate  
  112  8:06  Probe x3  
  112  8:11  Void Ray  
  119  8:15  Void Ray  
  119  8:18  Probe x2  
  125  8:25  Pylon x2  
  125  8:27  Pylon  
  125  8:37  Nexus  
  125  8:42  Void Ray  
  125  8:43  Void Ray, Probe  
  134  8:54  Protoss Air Weapons Level 2, Flux Vanes  
  134  8:55  Protoss Air Armor Level 2  
  134  8:56  Void Ray  
  138  9:03  Pylon  
  138  9:05  Assimilator, Pylon  
  138  9:07  Pylon  
  138  9:09  Assimilator  
  138  9:12  Void Ray  
  142  9:25  Void Ray  
  142  9:27  Void Ray  
  150  9:31  Gateway  
  150  9:33  Gateway  
  150  9:39  Void Ray  
  150  9:45  Forge  
  154  9:49  Twilight Council  
  154  9:55  Void Ray  
  158  10:05  Pylon x2  
  158  10:07  Pylon  
  158  10:08  Void Ray  
  158  10:09  Protoss Shields Level 1  
  158  10:10  Void Ray  
  166  10:22  Void Ray  
  170  10:37  Void Ray  
  174  10:51  Void Ray  
  174  10:52  Void Ray  
  174  11:04  Void Ray  
  122  11:20  Void Ray  
  124  11:28  Stalker x3  
  124  11:33  Gateway  
  124  11:34  Void Ray  
  124  11:35  Gateway, Phoenix  
  124  11:37  Gateway  
  124  11:39  Gateway  
  130  11:42  Gateway  
  130  11:44  Gateway  
  130  11:47  Phoenix  
  132  12:00  Phoenix  
  134  12:03  Phoenix  
  128  12:12  Void Ray  
  122  12:16  Void Ray  
  122  12:22  Stalker x3  
  128  12:25  Void Ray  
  128  12:28  Void Ray  
  122  12:39  Stalker x3  
  122  12:40  Stalker x2  
  114  12:54  Nexus  
  114  12:55  Void Ray  
  114  12:57  Assimilator  
  108  12:58  Stalker x2  
  108  12:59  Void Ray, Stalker x2  
  108  13:02  Assimilator  
  108  13:04  Stalker x2  
  124  13:08  Void Ray  
  124  13:11  Void Ray  
  132  13:23  Stalker x3  
  132  13:24  Stalker  
  132  13:25  Stalker x2  
  132  13:26  Stalker  
  134  13:50  Void Ray x2  
  134  13:51  Void Ray  
  136  13:55  Stalker x2  
  136  13:56  Stalker x4  
  136  14:31  Void Ray  
  134  14:33  Void Ray, Stalker x3  
  134  14:34  Stalker x4  
  134  14:35  Stalker x2  
  156  14:45  Pylon  
  156  14:49  Probe x2  
  156  14:50  Probe x2  
Show
View Real Time Build Order
Export as new Build Order

Faust Zerg 

Build Orders: Hatch First 

Get SALT Encoding   

  12  0:01  Drone  
  13  0:11  Drone  
  14  0:17  Extractor  
  14  0:19  Overlord  
  14  0:37  Drone x2  
  14  0:38  Drone  
  17  0:57  Hatchery  
  16  1:03  Drone  
  17  1:05  Extractor  
  17  1:06  Drone  
  17  1:26  Spawning Pool  
  17  1:31  Drone  
  17  1:41  Drone  
  17  1:43  Drone  
  17  1:44  Overlord  
  19  2:03  Drone  
  19  2:05  Drone  
  21  2:13  Queen  
  21  2:14  Queen  
  25  2:16  Drone  
  25  2:18  Drone  
  27  2:24  Metabolic Boost  
  27  2:41  Extractor  
  26  2:44  Drone x4  
  26  2:45  Drone  
  31  3:00  Zergling x6  
  34  3:06  Drone  
  34  3:08  Lair  
  35  3:16  Drone, Roach Warren  
  35  3:18  Drone  
  36  3:35  Baneling Nest  
  33  3:42  Zergling x4  
  33  3:43  Zergling x4  
  33  3:46  Zergling x4  
  26  3:59  Zergling x6  
  26  4:00  Zergling x4  
  26  4:01  Zergling x2, Baneling Nest  
  26  4:02  Zergling x2  
  29  4:36  Overlord x4  
  29  4:46  Overlord  
  29  4:53  Baneling x2  
  29  4:58  Drone x2  
  31  5:13  Baneling  
  31  5:14  Hatchery  
  30  5:19  Baneling  
  30  5:20  Baneling  
  21  5:47  Spire  
  21  5:49  Extractor, Drone  
  20  5:50  Drone x2  
  22  6:00  Drone  
  22  6:01  Drone  
  24  6:06  Drone  
  25  6:16  Drone x2  
  30  6:32  Drone  
  30  6:33  Drone  
  30  6:35  Overseer  
  31  6:42  Queen, Pneumatized Carapace  
  31  6:44  Drone  
  31  6:46  Drone  
  33  6:53  Zergling x2  
  34  6:55  Zergling x2  
  34  6:56  Zergling x2  
  34  7:00  Zerg Flyer Weapons Level 1  
  36  7:04  Drone x2  
  36  7:06  Drone  
  39  7:10  Overlord  
  39  7:17  Drone x2  
  39  7:18  Drone  
  39  7:21  Baneling x2  
  41  7:45  Drone x2  
  41  7:46  Drone x2  
  41  7:47  Zergling x10  
  50  7:59  Extractor  
  50  8:02  Drone x3  
  50  8:03  Drone  
  53  8:18  Drone x2  
  54  8:34  Evolution Chamber  
  53  8:37  Burrow, Evolution Chamber  
  52  8:48  Drone  
  52  8:49  Drone x10  
  52  8:55  Hatchery  
  62  8:59  Zergling x4  
  62  9:00  Zergling x2  
  62  9:01  Zerg Melee Weapons Level 1  
  65  9:03  Zerg Missile Weapons Level 1  
  65  9:04  Glial Reconstitution  
  65  9:23  Hatchery  
  64  9:26  Overlord x3  
  64  9:27  Overlord x3  
  64  9:46  Baneling x3  
  64  9:47  Baneling  
  64  10:04  Drone x4  
  64  10:05  Drone  
  64  10:06  Mutalisk x4  
  64  10:07  Mutalisk x3  
  73  10:08  Mutalisk  
  85  10:20  Extractor, Drone  
  85  10:21  Drone x2  
  87  10:22  Extractor, Drone x2  
  87  10:24  Spore Crawler  
  87  10:30  Spore Crawler  
  87  10:32  Zerg Flyer Weapons Level 2  
  87  10:33  Mutalisk x2  
  90  10:36  Drone x2  
  90  10:41  Mutalisk  
  93  11:09  Mutalisk x4  
  87  11:14  Zergling x4  
  81  11:23  Zergling x2  
  81  11:24  Zergling x2  
  60  11:43  Mutalisk  
  60  11:44  Mutalisk x2  
  18  12:53  Hatchery  
  18  12:56  Extractor  
  16  13:12  Hatchery  
  15  13:14  Extractor  
  14  13:35  Hatchery  
  13  14:10  Drone  
  14  14:38  Drone x2  
  14  14:39  Drone  
  17  14:59  Drone x3  
  20  15:01  Drone  
  20  15:02  Drone x3  
Show
View Real Time Build Order
Export as new Build Order

Throwfordays Protoss 

Build Orders: 1 Gate Expand 

Get SALT Encoding   

  12  0:00  Probe  
  13  0:12  Probe  
  14  0:22  Pylon  
  14  0:25  Probe  
  15  0:41  Gateway, Probe  
  15  0:49  Probe  
  16  0:52  Assimilator  
  17  0:57  Probe  
  18  1:10  Probe  
  19  1:22  Probe  
  20  1:28  Cybernetics Core  
  20  1:41  Nexus  
  20  1:44  Warp Gate  
  20  1:45  Pylon  
  20  1:52  Probe  
  21  1:57  Assimilator  
  21  2:04  Probe  
  22  2:10  Adept  
  24  2:16  Probe  
  24  2:20  Forge  
  27  2:54  Gateway  
  27  2:59  Probe  
  27  3:03  Stalker  
  28  3:10  Pylon  
  28  3:11  Probe  
  29  3:15  Probe  
  29  3:19  Protoss Ground Weapons Level 1  
  30  3:23  Probe  
  31  3:27  Probe  
  31  3:33  Stalker  
  33  3:39  Probe  
  34  3:51  Adept  
  36  4:14  Adept  
  36  4:15  Adept  
  38  4:37  Adept x2  
  38  4:38  Probe  
  43  4:46  Probe  
  44  4:55  Gateway  
  44  4:56  Probe  
  44  4:57  Gateway  
  44  4:58  Twilight Council  
  44  4:59  Probe  
  46  5:05  Pylon  
  46  5:22  Pylon  
  46  5:23  Probe x2  
  46  5:24  Adept  
  46  5:25  Adept  
  52  5:29  Pylon  
  52  5:34  Stargate  
  53  5:35  Probe x2  
  53  5:37  Stargate  
  54  5:47  Probe  
  54  5:48  Assimilator  
  54  5:49  Probe  
  55  5:53  Assimilator  
  56  5:57  Probe  
  56  5:59  Probe  
  58  6:04  Stalker x2  
  58  6:07  Probe  
  63  6:12  Probe  
  63  6:14  Pylon  
  64  6:19  Probe  
  65  6:31  Probe  
  66  6:34  Pylon  
  66  6:35  Pylon  
  66  6:37  Pylon  
  66  6:38  Void Ray x2  
  74  6:57  Protoss Air Weapons Level 1  
  74  7:02  Pylon  
  74  7:16  Stargate  
  74  7:17  Stargate  
  74  7:18  Stargate  
  74  7:32  Void Ray x2  
  82  8:00  Adept x4  
  90  8:10  Pylon  
  90  8:11  Pylon, Void Ray x2  
  98  8:13  Pylon  
  98  8:19  Void Ray  
  102  8:33  Nexus  
  102  8:36  Assimilator  
  102  8:39  Assimilator, Probe  
  102  8:47  Probe  
  102  8:48  Probe  
  105  8:57  Void Ray  
  105  9:00  Probe  
  110  9:15  Probe  
  110  9:17  Protoss Air Armor Level 1  
  111  9:20  Probe  
  112  9:27  Void Ray, Probe  
  112  9:29  Protoss Shields Level 1  
  117  9:32  Probe  
  117  9:37  Void Ray  
  122  9:40  Probe  
  122  9:44  Probe  
  124  9:45  Void Ray  
  128  9:55  Void Ray  
  132  10:09  Void Ray  
  136  10:30  Nexus  
  136  10:31  Pylon, Void Ray  
  136  10:34  Assimilator  
  140  10:39  Assimilator  
  66  11:22  Void Ray x4  
  66  11:23  Void Ray  
  83  11:39  Stalker x2  
  87  11:45  Probe  
  64  12:57  Probe  
  64  13:05  Probe  
  66  13:14  Probe  
  67  13:26  Nexus, Probe  
  68  13:34  Probe  
  69  13:42  Probe  
  66  13:52  Probe  
  55  14:04  Probe  
  55  14:07  Pylon  
  55  14:09  Void Ray x2  
  64  14:11  Pylon  
  64  14:17  Probe  
  65  14:22  Void Ray  
  69  14:29  Probe  
  70  14:34  Void Ray  
  70  14:36  Probe  
  74  14:41  Probe  
  74  14:44  Assimilator, Probe  
  69  14:53  Probe  
  69  14:54  Probe  
  71  15:00  Nexus  
Tags
 
Add a new tag
Caveats
  • Supply blocks, unpowered buildings, or Contaminate may cause inaccurate times.
  • Supply counts are checked every 10 seconds.